 Dungeon Crawl Stone Soup version 0.30-a0-123-g91d0c66ccf (webtiles) character file.

Game seed: 1423768827715142261

16718 jlumianski the Carver (level 12, -2/72 HPs)
             Began as a Gargoyle Gladiator on Sept 17, 2022.
             Was a Priest of Qazlal.
             Constricted to death by a shambling mangrove (9 damage)
             ... on level 10 of the Dungeon.
             The game lasted 00:53:55 (14499 turns).

jlumianski the Carver (Gargoyle Gladiator)         Turns: 14499, Time: 00:53:56

Health: -2/72      AC: 28    Str: 24    XL:     12   Next: 40%
Magic:  15/15      EV:  7    Int: 14    God:    Qazlal [***...]
Gold:   759        SH:  4    Dex: 17    Spells: 11/11 levels left

rFire   . . .      SeeInvis .    g - +11 plutonium sword {Contam Stlth-}
rCold   . . .      Faith    +    (shield currently unavailable)
rNeg    + . .      Spirit   .    q - +3 chain mail
rPois   ∞          Reflect  .    c - +2 helmet
rElec   +          Harm     .    (no cloak)
rCorr   .          Rampage  .    A - +0 pair of gloves
Will    .....                    n - +0 pair of boots
Stlth   ..........               b - amulet of faith
HPRegen 0.22/turn                M - +6 ring of intelligence
MPRegen 0.14/turn                j - +6 ring of dexterity

@: grasped by roots, constricted
A: sickness immunity, AC +8, negative energy resistance 1, electricity
resistance, torment resistance 1, petrification resistance
a: Renounce Religion, Upheaval, Elemental Force


You were on level 10 of the Dungeon.
You worshipped Qazlal.
Qazlal was most pleased with you.
You visited 2 branches of the dungeon, and saw 13 of its levels.

You collected 759 gold pieces.

Inventory:

Hand Weapons
 e - a +4 scimitar of flaming
 g - the +11 plutonium sword (weapon) {Contam Stlth-}
   (You acquired it on level 4 of the Dungeon)

   It occasionally inflicts wild transmutation effects on those it strikes,
   inflicting malmutation or extra damage, or polymorphing them into a new form.
   Contam:    It causes magical contamination when unequipped.
   Stlth:     It makes you less stealthy.
 B - the +10 dagger of the Turnip {holy, rPois Dex+2}
   (You found it on level 4 of the Dungeon)

   It has been blessed by the Shining One to cause great damage to the undead
   and demons.
   Dex:       It affects your dexterity (+2).
   rPois:     It protects you from poison.
Missiles
 d - 2 throwing nets
 l - 8 boomerangs (quivered)
 p - a javelin
 H - 18 poisoned darts
 N - a curare-tipped dart
Armour
 c - a +2 helmet (worn)
 f - a +0 buckler
 n - a +0 pair of boots (worn)
 q - a +3 chain mail (worn)
 A - a +0 pair of gloves (worn)
Jewellery
 b - an amulet of faith (around neck)
 j - a +6 ring of dexterity (right hand)
 m - a ring of fire
 r - an amulet of guardian spirit
 M - a +6 ring of intelligence (left hand)
Wands
 x - a wand of flame (8)
 I - a wand of mindburst (10)
 Q - a wand of polymorph (3)
Scrolls
 o - a scroll of amnesia
 s - 2 scrolls of enchant weapon
 J - 2 scrolls of magic mapping
Potions
 a - a potion of flight
 h - 4 potions of curing
 i - 2 potions of attraction
 u - a potion of cancellation
 v - 2 potions of ambrosia
 w - a potion of resistance
Miscellaneous
 k - a lightning rod (4/4)


   Skills:
 + Level 7.5 Fighting
 * Level 13.9 Long Blades
 - Level 5.4 Axes
 - Level 3.0 Throwing
 + Level 6.5 Armour
 + Level 3.6 Dodging
 + Level 1.8 Stealth
 + Level 0.5 Shields
 * Level 4.9 Invocations
 * Level 3.3 Evocations


You had 11 spell levels left.
You didn't know any spells.
Your spell library contained the following spells:

 Spells                   Type           Power      Damage    Failure   Level
 Apportation              Tloc           0%         N/A       88%         1
 Beastly Appendage        Tmut           0%         N/A       88%         1
 Magic Dart               Conj           0%         1d3       88%         1
 Necrotise                Necr           0%         1d4       88%         1
 Sandblast                Erth           0%         2d4       88%         1
 Summon Small Mammal      Summ           0%         N/A       88%         1
 Call Imp                 Summ           0%         N/A       95%         2
 Passwall                 Tmut/Erth      0%         N/A       95%         2
 Wereblood                Tmut           0%         N/A       95%         2
 Mephitic Cloud           Conj/Pois/Air  0%         N/A       99%         3
 Spider Form              Tmut/Pois      0%         N/A       99%         3
 Stone Arrow              Conj/Erth      0%         3d7       99%         3
 Summon Hydra             Summ           0%         N/A       100%        7
 Sublimation of Blood     Necr           Unusable   N/A       N/A         2

Dungeon Overview and Level Annotations

Branches:
Dungeon (12/15)            Temple (1/1) D:4            Lair (0/5) D:9
    Orc (0/2) D:11

Altars:
Ashenzari
Cheibriados
Dithmenos
Elyvilon
Fedhas
Gozag
Hepliaklqana
Kikubaaqudgha
Makhleb
Nemelex Xobeh
Okawaru
Qazlal
Ru
Sif Muna
Trog
Uskayaw
Vehumet
Wu Jian
Xom
Yredelemnul
Zin
The Shining One

Shops:
D:5 =

Annotations:
D:10 Joseph


Innate Abilities, Weirdness & Mutations

You are immune to sickness and miasma.
Your stone body is resilient. (AC +8)
You are immune to poison.
You resist negative energy. (rN+)
You are resistant to electric shocks. (rElec)
You are resistant to unholy torment.
You are immune to petrification.


Message History

Found Ozocubu's Autobiography.
Okay, then.
Unknown command.
Search for what [Enter for "altar", or ? for help]? shop Have to go through D:11.
Continue?
Okay, then.
You chop the bush into pieces!!!
Mutagenic energy flows through the plutonium sword!
The bush evaporates and reforms as a shambling mangrove!
The shambling mangrove hits you but does no damage.
You hit the shambling mangrove.
The shambling mangrove is lightly damaged.
The shambling mangrove hits you!!
You hit the shambling mangrove.
Mutagenic energy flows through the plutonium sword!
The air around the shambling mangrove crackles with energy.
The shambling mangrove twists and deforms.
The shambling mangrove is lightly damaged.
You hit the shambling mangrove.
The shambling mangrove is lightly damaged.
You block the shambling mangrove's attack.
You slash the shambling mangrove!
The shambling mangrove is moderately damaged.
The shambling mangrove hits you but does no damage.
You hit the shambling mangrove.
The shambling mangrove is moderately damaged.
Roots burst forth from the earth!
The grasping roots grab you! The grasping roots constrict you.
* * * LOW HITPOINT WARNING * * *
You slice the shambling mangrove!!
The shambling mangrove is severely damaged.
The shambling mangrove hits you!!
* * * LOW HITPOINT WARNING * * *
The grasping roots constrict you.
* * * LOW HITPOINT WARNING * * *
You feel better.
The shambling mangrove hits you but does no damage.
The grasping roots constrict you!
You die...

..... ..P.P ..... ....
♣..♣ ♣♣♣..♣ ♣.°f♣ ###
♣.@♣ #># ♣♣.♣♣ ###[#
♣.♣♣ ###.†.# ♣.P♣
####...### ♣♣♣..#
##....### ###...##
#.##...# #. #...###
#####..# #.:##.###
#######....##
#.....######........###


You could see a shambling mangrove (misshapen).

Vanquished Creatures
  Erica (D:7)
  A two-headed ogre (D:6)
  Amaemon (D:7)
  A manticore (D:11)
  A cyclops (D:11)
  An ugly thing (D:10)
  An elephant (D:9)
  An orange demon (D:8)
  A gargoyle (D:10)
  An unseen horror (D:11)
  Maggie (D:7)
  A kobold demonologist (D:8)
  A komodo dragon (D:11)
  A hornet (D:8)
  Prince Ribbit (D:7)
  4 trolls
  2 shadows
  Sigmund (D:2)
  A basilisk (D:9)
  4 wyverns
  A wraith (D:10)
  16 yaks
  A fire bat (D:10)
  2 humans (D:7)
  Grum (D:7)
  A steam dragon (D:7)
  Menkaure (D:7)
  Duvessa (D:4)
  9 black bears
  6 orc warriors
  4 ogres
  3 sky beasts (D:7)
  An ice beast (D:6)
  3 wolves
  2 phantoms (D:7)
  3 centaurs
  4 kobold brigands
  4 bullfrogs
  3 gnoll sergeants
  3 necrophages (D:5)
  A water moccasin zombie (D:5)
  2 scorpions
  5 wights (D:9)
  Dowan (D:5)
  5 killer bees (D:7)
  9 howler monkeys
  3 electric eels (D:10)
  2 jellies
  A bullfrog zombie (D:5)
  5 hounds
  A human zombie (D:5)
  7 orc priests
  A gnoll bouda (D:10)
  Jessica (D:3)
  2 iguanas
  Natasha (thrice) (D:2 D:3)
  2 scorpion zombies (D:5)
  13 orc wizards
  Terence (D:2)
  5 mummies (D:5)
  7 gnolls
  5 adders
  A shadow imp (D:7)
  A worm (D:2)
  4 dart slugs
  55 orcs
  6 bats
  7 endoplasms
  4 giant cockroaches
  8 goblins
  7 hobgoblins
  2 jackals
  4 quokkas
  5 ball pythons
  3 frilled lizards
  16 kobolds
  5 rats
306 creatures vanquished.

Vanquished Creatures (others)
  A bullfrog (D:8)
  2 orcs
  68 plants (D:10)
71 creatures vanquished.

Grand Total: 377 creatures vanquished

Notes
Turn   | Place    | Note
-------+----------+-------------------------------------------
     0 | D:1      | jlumianski the Gargoyle Gladiator began the quest for the
                  | Orb.
     0 | D:1      | Reached XP level 1. HP: 12/12 MP: 1/1
   305 | D:1      | Reached XP level 2. HP: 18/18 MP: 2/2
   694 | D:1      | Reached XP level 3. HP: 22/22 MP: 3/3
   862 | D:2      | Noticed Terence
   869 | D:2      | Killed Terence
  1422 | D:2      | Reached XP level 4. HP: 27/27 MP: 4/4
  1633 | D:2      | Noticed Natasha
  1648 | D:2      | Killed Natasha
  1649 | D:2      | Reached skill level 1 in Armour
  1971 | D:2      | Noticed Natasha
  1979 | D:2      | Killed Natasha
  1980 | D:2      | Noticed Sigmund
  2017 | D:2      | Noticed Natasha
  2118 | D:3      | Reached XP level 5. HP: 24/32 MP: 5/5
  2597 | D:3      | Found a sacrificial altar of Ru.
  2728 | D:3      | Found a faded altar of an unknown god.
  2735 | D:3      | Found a white marble altar of Elyvilon.
  2779 | D:3      | Noticed Jessica
  2789 | D:3      | Killed Jessica
  2973 | D:3      | Found a faded altar of an unknown god.
  3041 | D:3      | Reached XP level 6. HP: 31/37 MP: 6/6
  3344 | D:4      | Found a sparkling altar of Nemelex Xobeh.
  3668 | D:3      | Killed Natasha
  3811 | D:2      | Killed Sigmund
  3812 | D:2      | Reached skill level 5 in Axes
  3812 | D:2      | Reached skill level 1 in Stealth
  4059 | D:5      | Entered Level 5 of the Dungeon
  4119 | D:5      | Noticed Duvessa
  4119 | D:5      | Noticed Dowan
  4126 | D:4      | Found a staircase to the Ecumenical Temple.
  4137 | Temple   | Entered the Ecumenical Temple
  4440 | D:4      | Identified the +10 dagger of the Turnip {holy, rPois Dex+2}
  4488 | D:4      | Noticed a black bear
  4505 | D:4      | Killed a black bear
  4506 | D:4      | Reached XP level 7. HP: 26/42 MP: 1/7
  4819 | D:4      | Identified a scroll of acquirement
  4820 | D:4      | Acquired the +11 plutonium sword {Contam Stlth-}
  4820 | D:4      | Found the +11 plutonium sword {Contam Stlth-}
  4911 | D:5      | Reached skill level 1 in Long Blades
  5097 | D:5      | Found a shadowy altar of Dithmenos.
  5111 | D:5      | Reached skill level 2 in Long Blades
  5466 | D:5      | Found Nunyd's Jewellery Emporium.
  5481 | D:6      | Noticed a wyvern
  5487 | D:6      | Killed a wyvern
  5488 | D:6      | Reached skill level 3 in Long Blades
  5488 | D:6      | Reached XP level 8. HP: 48/48 MP: 8/8
  5588 | D:7      | Reached skill level 4 in Long Blades
  5907 | D:6      | Reached skill level 5 in Long Blades
  6032 | D:6      | Found a hide-covered altar of Uskayaw.
  6199 | D:6      | Reached skill level 6 in Long Blades
  6247 | D:6      | Noticed a two-headed ogre
  6256 | D:6      | Killed a two-headed ogre
  6257 | D:6      | Reached skill level 5 in Fighting
  6257 | D:6      | Reached skill level 7 in Long Blades
  6257 | D:6      | Reached XP level 9. HP: 33/54 MP: 3/9
  6379 | D:6      | Noticed a two-headed ogre
  6379 | D:6      | Noticed a boulder beetle
  6637 | D:5      | Found a basalt altar of Yredelemnul.
  6646 | D:5      | Reached skill level 8 in Long Blades
  6753 | D:5      | Killed Dowan
  6787 | D:4      | HP: 2/81 [Duvessa/+0 short sword of speed (5)]
  6789 | D:4      | Killed Duvessa
  7467 | D:5      | Reached skill level 9 in Long Blades
  8040 | D:7      | Noticed Prince Ribbit
  8068 | D:7      | Killed Prince Ribbit
  8069 | D:7      | Reached XP level 10. HP: 59/59 MP: 10/10
  8344 | D:7      | Found a stormy altar of Qazlal.
  8353 | D:7      | Became a worshipper of Qazlal Stormbringer
  8368 | D:7      | Noticed Maggie
  8386 | D:7      | Killed Maggie
  8387 | D:7      | Reached skill level 10 in Long Blades
  8387 | D:7      | Reached skill level 5 in Armour
  8542 | D:7      | Reached skill level 1 in Invocations
  8853 | D:7      | Noticed Menkaure
  8859 | D:7      | Killed Menkaure
  8943 | D:7      | Found an opulent altar of Gozag.
  9448 | D:8      | Identified the +7 morningstar "Gram" {vorpal, Str+2 SInv}
  9458 | D:8      | Reached skill level 1 in Evocations
  9474 | D:9      | Noticed a kobold demonologist
  9474 | D:9      | Found a blossoming altar of Fedhas.
  9527 | D:8      | Reached * piety under Qazlal
  9531 | D:8      | Noticed Grum
  9750 | D:7      | Reached skill level 11 in Long Blades
  9908 | D:7      | Killed Grum
  9997 | D:8      | Noticed Erica
 10149 | D:7      | Killed Erica
 10150 | D:7      | Reached XP level 11. HP: 42/64 MP: 9/13
 10303 | D:8      | Noticed Amaemon
 10329 | D:7      | Killed Amaemon
 10612 | D:10     | Entered Level 10 of the Dungeon
 10742 | D:8      | Found an iron altar of Okawaru.
 11008 | D:9      | Reached skill level 12 in Long Blades
 11091 | D:9      | Reached ** piety under Qazlal
 11424 | D:9      | Found a staircase to the Lair.
 12142 | D:10     | Noticed Joseph
 12703 | D:10     | Reached skill level 13 in Long Blades
 12711 | D:10     | Reached *** piety under Qazlal
 12722 | D:10     | Reached XP level 12. HP: 25/72 MP: 15/15
 13415 | D:11     | Found a staircase to the Orcish Mines.
 14492 | D:10     | Noticed a shambling mangrove
 14492 | D:10     | a bush changed into a shambling mangrove
 14498 | D:10     | HP: 2/72 [shambling mangrove (19)]
 14499 | D:10     | Constricted to death by a shambling mangrove

Illustrated notes

Levels and vault maps discovered:
D:1:      dpeg_arrival_court, layout_loops_corners
D:2:      layout_basic, uniq_natasha, uniq_terence, uniq_sigmund
D:3:      layout_basic, nicolae_ru_great_annihilating_truth,
          nicolae_overflow_ecumenical_swirl, basic_ecumenical_altar,
          serial_glass, glass_columns_b, glass_columns_c, moated_statue,
          minmay_misc_feat_alley, chequers_serial_rivers_micro_b,
          kennysheep_another_room, uniq_jessica
D:4:      layout_basic, nemelex_spade_bored_becter, temple_statues
D:5:      layout_rooms, nicolae_dithmenos_the_darkroom,
          lemuel_mausoleum_altar_yredelemnul, serial_shops, shop,
          chequers_serial_rivers_small_a, uniq_duvessa
D:6:      minmay_cornered_nines, layout_basic, overflow_temple_1_default,
          chequers_serial_rivers_micro_c, nrook_loot_triangle
D:7:      layout_loops_ring, nicolae_qazlal_eye_of_the_storm,
          nicolae_gozag_seed_capital, kennysheep_generic_room_5, uniq_menkaure,
          uniq_prince_ribbit1, uniq_maggie
D:8:      layout_cave_pools, okawaru_humans, uniq_amaemon, uniq_grum, uniq_erica
D:9:      layout_roguey, mainiacjoe_overflow_catwalk, david_lair_generic
D:10:     kennysheep_town, uniq_joseph
D:11:     layout_irregular_city, david_orc_2
D:12:     layout_roguey, kennysheep_generic_room_15
Temple:   hellmonk_temple_flake

Skill      XL: |  1  2  3  4  5  6  7  8  9 10 11 |
---------------+----------------------------------+-----
Axes           | 3 4 5 |  5.4
Fighting       | 3 4 5 7 |  7.5
Armour         | 1 2 3 4 5 6 |  6.5
Throwing       | 2 3 |  3.0
Dodging        | 3 |  3.6
Stealth        | 1 |  1.8
Long Blades    | 3 7 9 11 13 | 13.9
Invocations    | 3 4 |  4.9
Evocations     | 2 3 |  3.3
Shields        | |  0.5

Action                   |  1- 3 |  4- 6 |  7- 9 | 10-12 || total
-------------------------+-------+-------+-------+-------++-------
Melee: War axe           |    54 |   195 |    10 |       ||   259
       Punch             |       |     1 |       |       ||     1
       Triple sword      |       |       |   180 |   462 ||   642
Throw: Boomerang         |     2 |    10 |    14 |    12 ||    38
       Throwing net      |       |     1 |       |       ||     1
       Dart              |       |       |    11 |     3 ||    14
       Javelin           |       |       |       |     8 ||     8
Evoke: Wand              |       |       |       |     2 ||     2
  Use: Potion            |     1 |     4 |     4 |     7 ||    16
       Scroll            |       |     9 |    11 |     5 ||    25
 Stab: Invisible         |       |     1 |       |       ||     1
       Paralysed         |       |     1 |       |       ||     1
       Held in net/web   |       |     1 |       |       ||     1
Armor: Leather armour    |    11 |       |       |       ||    11
       Chain mail        |    11 |   160 |   158 |   474 ||   803
       Skin              |       |       |    32 |       ||    32
Dodge: Dodged            |    30 |    90 |   105 |   253 ||   478
Block: Other             |       |       |       |    46 ||    46

Table legend: (Time is in decaauts)
 A = Elapsed time spent in this place.
 B = Non-inter-level travel time spent in this place.
 C = Inter-level travel time spent in this place.
 D = Time resting spent in this place.
 E = Time spent auto-exploring this place.
 F = Levels seen in this place.
 G = Mean time per level.
                   A        B        C        D        E       F      G
               +--------+--------+--------+--------+--------+-----+--------+
         Total |  14865 |  14697 |    168 |   3515 |   6630 |  13 | 1143.5 |
       Dungeon |  14713 |  14545 |    168 |   3515 |   6503 |  12 | 1226.1 |
        Temple |    151 |    151 |      0 |      0 |    127 |   1 |  151.0 |
               +--------+--------+--------+--------+--------+-----+--------+

Top non-repeatable levels by time:
     D:7: 2320 daAuts
     D:3: 1937 daAuts
    D:10: 1688 daAuts
     D:4: 1343 daAuts
     D:5: 1267 daAuts
     D:2: 1165 daAuts
     D:1: 1113 daAuts
    D:11: 1064 daAuts
     D:6: 1052 daAuts
     D:9: 940 daAuts
     D:8: 815 daAuts
  Temple: 151 daAuts
    D:12: 4 daAuts
